 Dungeon Crawl Stone Soup version 0.26-a0-812-g31a745ddcd (webtiles) character file.

Game seed: 11964034780466543615

6144 Borgoz the Grappler (level 10, -6/91 HPs)
             Began as a Ghoul Gladiator on Dec 5, 2020.
             Was a Believer of Ashenzari.
             Mangled by an eight-headed hydra (12 damage)
             ... on level 1 of the Lair of Beasts.
             The game lasted 00:15:00 (11592 turns).

Borgoz the Grappler (Ghoul Gladiator)              Turns: 11592, Time: 00:15:00

Health: -6/91      AC:  8    Str: 19    XL:     10   Next: 90%
Magic:  0/13       EV: 15    Int:  3    God:    Ashenzari [**....]
Gold:   610        SH:  0    Dex: 13    Spells: 12/15 levels left

rFire    . . .     SeeInvis +     - Unarmed
rCold    + . .     Faith    .   (no shield)
rNeg     + + +     Spirit   +   n - +0 ring mail
rPois    ∞         Reflect  .   b - +1 helmet
rElec    .         Harm     .   (no cloak)
rCorr    .         Rampage  .   (no gloves)
MR       .....                  (no boots)
Stlth    ++........             a - amulet of guardian spirit (curse)
HPRegen  0.00/turn              e - ring of see invisible
MPRegen  0.13/turn              (no ring)

@: hasted, very quick
A: rotting body, claws 1, cold resistance 1, negative energy resistance 3,
inhibited regeneration, torment resistance, unbreathing
a: Curse Item, Scrying, Renounce Religion


You were on level 1 of the Lair of Beasts.
You worshipped Ashenzari.
Ashenzari was pleased with you.
You visited 3 branches of the dungeon, and saw 11 of its levels.
You also visited: Ossuary.

You collected 610 gold pieces.

Inventory:

Armour
 b - a +1 helmet (worn)
 n - a +0 ring mail (worn)
Jewellery
 a - a cursed amulet of guardian spirit (around neck)
 e - a ring of see invisible (left claw)
Scrolls
 f - 2 scrolls of fog
 p - 6 scrolls of teleportation
 q - 2 scrolls of fear
 t - a scroll of amnesia {unknown}
 u - 3 scrolls of remove curse
 v - 3 scrolls of magic mapping
Potions
 c - a potion of cancellation
 d - 2 potions of magic {unknown}
 k - 2 potions of curing
 l - 2 potions of flight {unknown}
 m - 3 potions of heal wounds


   Skills:
 * Level 9.0 Fighting
 - Level 1.7 Throwing
 + Level 4.7 Armour
 * Level 7.8 Dodging
 - Level 5.0 Stealth
 * Level 9.3 Unarmed Combat
 - Level 3.0 Spellcasting
 + Level 1.7 Hexes


You had 12 spell levels left.
You knew the following spells:

 Your Spells              Type           Power        Failure   Level
a - Confusing Touch       Hex            #.......     73%         3

Your spell library contained the following spells:

 Spells                   Type           Power        Failure   Level
 Corona                   Hex            #......      36%         1
 Ensorcelled Hibernation  Hex/Ice        #.....       63%         2
 Tukima's Dance           Hex            #.......     73%         3
 Dazzling Flash           Conj/Hex       #.....       85%         3


Dungeon Overview and Level Annotations

Branches:
Dungeon (9/15)             Temple (1/1) D:5            Lair (1/6) D:9
Ossuary (visited)
    Orc: D:9-12

Altars:
Ashenzari
Cheibriados
Dithmenos
Elyvilon
Fedhas
Gozag
Hepliaklqana
Kikubaaqudgha
Makhleb
Nemelex Xobeh
Okawaru
Qazlal
Ru
Sif Muna
Trog
Uskayaw
Vehumet
Wu Jian
Xom
Yredelemnul
Zin
The Shining One

Annotations:
D:5 Sigmund


Innate Abilities, Weirdness & Mutations

Your body is rotting away.
You thrive by killing the living.
You are immune to poison.
You have sharp fingernails.
Your flesh is cold resistant. (rC+)
You are immune to negative energy. (rN+++)
You do not regenerate when monsters are visible.
You are immune to unholy pain and torment.
You can survive without breathing.


Message History

You are too injured to fight recklessly!
You claw the eight-headed hydra!
The eight-headed hydra is heavily wounded.
The eight-headed hydra bites you.
The eight-headed hydra closely misses you.
The eight-headed hydra barely misses you.
The eight-headed hydra bites you. x2
The eight-headed hydra completely misses you.
The eight-headed hydra bites you but does no damage.
The eight-headed hydra bites you.
You feel yourself speed up. The eight-headed hydra bites you!
* * * LOW HITPOINT WARNING * * *
The eight-headed hydra misses you. The eight-headed hydra bites you!
* * * LOW HITPOINT WARNING * * *
The eight-headed hydra barely misses you.
The eight-headed hydra bites you.
* * * LOW HITPOINT WARNING * * *
The eight-headed hydra closely misses you.
The eight-headed hydra bites you!
You die...

........'....##......#
........####..[.....#
####P+#.# ##.......#
##...## ###.....#
#...## ###...# #..##
##.## #.## ##..#
###'####* * #..##
.......# #@+# *
#......+ * #..D....#
#......# ,, #.......#
'......# * +........#
#......# * *#.......##
#......# ##+######
.####+## # * , ,


You could see an eight-headed hydra.

Vanquished Creatures
  2 two-headed ogres
  A manticore (D:8)
  A cane toad (Lair:1)
  A komodo dragon (Lair:1)
  A water moccasin (D:6)
  3 orc warriors
  3 black bears
  2 sky beasts
  An eye of draining (D:8)
  A phantom (D:6)
  3 ogres
  A centaur (D:5)
  2 big kobolds
  4 bullfrogs
  A gnoll sergeant (D:9)
  A wyvern skeleton (D:9)
  5 scorpions
  8 killer bees (D:8)
  4 wights (D:6)
  2 electric eels (Lair:1)
  A howler monkey (D:7)
  3 jellies
  A centaur zombie (D:8)
  6 hounds
  A centaur skeleton (D:8)
  6 orc wizards
  A gnoll shaman (D:7)
  2 iguanas (D:4)
  8 worker ants
  A big kobold zombie (Ossuary)
  A hound skeleton (D:6)
  8 mummies (Ossuary)
  A howler monkey zombie (D:5)
  12 gnolls
  8 adders
  A howler monkey skeleton (D:7)
  4 white imps
  2 ufetubi (D:8)
  3 oozes
  2 adder skeletons
  3 worms
  A dart slug (D:2)
  10 leopard geckos
  24 orcs
  16 bats
  3 giant cockroaches
  3 gnoll zombies (Ossuary)
  6 goblins
  8 hobgoblins
  30 jackals
  5 quokkas
  2 ball pythons
  3 frilled lizards
  2 hobgoblin zombies (Ossuary)
  A jackal zombie (D:7)
  13 kobolds
  A kobold zombie (Ossuary)
  A leopard gecko skeleton (D:5)
  An orc zombie (Ossuary)
  A quokka zombie (D:7)
  11 rats
264 creatures vanquished.

Vanquished Creatures (others)
  2 fungi (D:9)
  2 plants (D:9)
4 creatures vanquished.

Grand Total: 268 creatures vanquished

Notes
Turn   | Place    | Note
-------+----------+-------------------------------------------
     0 | D:1      | Borgoz the Ghoul Gladiator began the quest for the Orb.
     0 | D:1      | Reached XP level 1. HP: 17/17 MP: 0/0
    74 | D:1      | Reached XP level 2. HP: 25/25 MP: 1/1
   618 | D:2      | Found a broken altar of Ashenzari.
   655 | D:1      | Reached XP level 3. HP: 21/30 MP: 2/2
   981 | D:2      | Became a worshipper of Ashenzari the Shackled
  1083 | D:2      | Reached skill level 1 in Stealth
  1083 | D:2      | Reached XP level 4. HP: 21/37 MP: 4/4
  1469 | D:2      | Reached skill level 1 in Spellcasting
  1723 | D:2      | Found a basalt altar of Yredelemnul.
  1797 | D:2      | Reached XP level 5. HP: 40/45 MP: 5/5
  1800 | D:2      | Reached skill level 1 in Armour
  2280 | D:3      | Found a shimmering altar of Xom.
  2829 | D:4      | Reached * piety under Ashenzari
  2839 | D:4      | Found a hazy altar of Hepliaklqana.
  2985 | D:4      | Reached XP level 6. HP: 30/52 MP: 2/6
  3835 | D:5      | Entered Level 5 of the Dungeon
  3886 | D:5      | Found a white marble altar of Elyvilon.
  3956 | D:5      | Found a shimmering blue altar of Sif Muna.
  3970 | D:5      | Reached XP level 7. HP: 59/59 MP: 8/8
  4042 | D:5      | Noticed Sigmund
  4053 | D:5      | Found a sparkling altar of Nemelex Xobeh.
  4096 | D:4      | Reached skill level 5 in Unarmed Combat
  4193 | D:6      | Got the cursed mace "Voz Hetara" {holy, Fragile rElec MP+9
                  | Int-3}
  4428 | D:6      | Reached skill level 5 in Fighting
  4428 | D:6      | Reached XP level 8. HP: 47/68 MP: 8/10
  4802 | D:6      | Reached skill level 5 in Dodging
  5573 | D:5      | Found a staircase to the Ecumenical Temple.
  5604 | D:5      | Reached ** piety under Ashenzari
  5613 | Temple   | Entered the Ecumenical Temple
  5825 | D:5      | Found a stormy altar of Qazlal.
  6263 | D:7      | Got the flail of Vodka {distort, rElec}
  6365 | D:7      | Reached XP level 9. HP: 67/75 MP: 10/12
  7409 | D:8      | Noticed a two-headed ogre
  7504 | D:8      | Found a sand-covered staircase.
  7534 | Ossuary  | Entered an ossuary
  8177 | D:8      | Found a bloodstained altar of Trog.
  8327 | D:8      | Found a blossoming altar of Fedhas.
  8363 | D:8      | Reached skill level 5 in Stealth
  8790 | D:8      | Noticed a manticore
  8807 | D:8      | Killed a manticore
  9048 | D:8      | Reached XP level 10. HP: 32/88 MP: 2/13
  9448 | D:8      | Killed a two-headed ogre
  9796 | D:8      | Learned a level 3 spell: Confusing Touch
 10229 | D:9      | Reached skill level 1 in Hexes
 10280 | D:9      | Noticed a two-headed ogre
 10585 | D:9      | Killed a two-headed ogre
 10988 | D:9      | Found a staircase to the Lair.
 11059 | Lair:1   | Entered Level 1 of the Lair of Beasts
 11151 | Lair:1   | Noticed a cane toad
 11159 | Lair:1   | Killed a cane toad
 11584 | Lair:1   | Noticed an eight-headed hydra
 11592 | Lair:1   | Mangled by an eight-headed hydra

Illustrated notes

Levels and vault maps discovered:
D:1:      dpeg_arrival_arbitrary_c, layout_loops_ring
D:2:      layout_basic, overflow_temple_1_default, marbit_many_paths,
          minmay_tromino_v7
D:3:      cheibrodos_helix_gallery, layout_basic, xom_teletrap_fun,
          chequers_serial_rivers_micro_c, roderic_batcave
D:4:      layout_basic, lemuel_crystal_altar
D:5:      layout_loops_ring, lemuel_doored_altar, elyvilon_altar_1,
          nicolae_overflow_crystal_walls, minmay_temple_entry_slanted,
          nicolae_qazlal_eye_of_the_storm, uniq_sigmund
D:6:      layout_cave_pods, minmay_misc_feat_pillars, nicolae_underground_beach
D:7:      layout_loops_corners
D:8:      layout_basic, lightli_temple_of_fire, lemuel_round_altar,
          enter_ossuary_1
D:9:      layout_rooms, grunt_lair_entry_orc_guard_hut, zombieorc2_lemuel,
          serial_aquarium, aquarium_bridge_square [aquarium_subvault_window,
          aquarium_subvault_wall, aquarium_subvault_window,
          aquarium_subvault_bridge], aquarium_window_2, aquarium_window_fake,
          aquarium_window_fake, aquarium_view_2a, aquarium_view_2d
Temple:   dshaligram_water_room_temple
Lair:1:   layout_roguey, dpeg_stationary_puzzle

Skill      XL: |  1  2  3  4  5  6  7  8  9 10 |
---------------+-------------------------------+-----
Dodging        | 3 4 5 6 7 |  7.8
Stealth        | 1 2 3 4 5 |  5.0
Fighting       | 3 4 5 6 7 9 |  9.0
Unarmed Combat | 4 5 6 8 9 |  9.3
Spellcasting   | 1 2 3 |  3.0
Armour         | 1 2 3 4 |  4.7
Hexes          | 1 |  1.7
Throwing       | |  1.7

Action                   |  1- 3 |  4- 6 |  7- 9 | 10-12 || total
-------------------------+-------+-------+-------+-------++-------
Melee: Unarmed           |   119 |   246 |   554 |   170 ||  1089
       Punch             |     1 |     6 |    21 |     7 ||    35
Throw: Throwing net      |       |       |     1 |     2 ||     3
Invok: Curse Item        |       |     1 |       |       ||     1
  Use: Scroll            |       |       |    11 |     4 ||    15
       Potion            |       |       |     6 |     2 ||     8
 Stab: Sleeping          |       |       |     4 |       ||     4
       Distracted        |       |       |     1 |       ||     1
Armor: Leather armour    |    55 |     1 |       |       ||    56
       Ring mail         |       |    81 |   185 |    56 ||   322
Dodge: Dodged            |   132 |   146 |   381 |   145 ||   804

Table legend: (Time is in decaauts)
 A = Elapsed time spent in this place.
 B = Non-inter-level travel time spent in this place.
 C = Inter-level travel time spent in this place.
 D = Time resting spent in this place.
 E = Time spent auto-exploring this place.
 F = Levels seen in this place.
 G = Mean time per level.
                   A        B        C        D        E       F      G
               +--------+--------+--------+--------+--------+-----+--------+
         Total |  11480 |  11201 |    279 |   3528 |   5622 |  12 |  956.7 |
       Dungeon |  10195 |   9938 |    257 |   2824 |   5267 |   9 | 1132.8 |
        Temple |    132 |    110 |     22 |      0 |    109 |   1 |  132.0 |
          Lair |    529 |    529 |      0 |    359 |    115 |   1 |  529.0 |
       Ossuary |    623 |    623 |      0 |    345 |    131 |   1 |  623.0 |
               +--------+--------+--------+--------+--------+-----+--------+

Top non-repeatable levels by time:
     D:8: 2219 daAuts
     D:6: 1403 daAuts
     D:7: 1227 daAuts
     D:4: 1149 daAuts
     D:2: 1081 daAuts
     D:1: 953 daAuts
     D:3: 723 daAuts
     D:5: 719 daAuts
     D:9: 718 daAuts
 Ossuary: 623 daAuts
  Lair:1: 529 daAuts
  Temple: 132 daAuts
